 Dungeon Sprint DCSS version 0.30.1-11-g7821555f0a (webtiles) character file.

Game seed: 770631979122763901

4779 Groucho the Unseen (level 10, -1/51 HPs)
             Began as a Spriggan Enchanter on Dec 24, 2023.
             Was a Priest of Dithmenos.
             Succumbed to a death drake's dark miasma
             ... in the Dungeon (Sprint II: "The Violet Keep of Menkaure").
             The game lasted 00:08:20 (1322 turns).

Groucho the Unseen (Spriggan Enchanter)             Turns: 1322, Time: 00:08:20

Health: -1/51      AC:  2    Str:  8    XL:     10   Next: 23%
Magic:  20/30      EV: 19    Int: 21    God:    Dithmenos [***...]
Gold:   186        SH:  0    Dex: 16    Spells: 3/23 levels left

rFire   + + .        a - +1 dagger
rCold   . . .        (no shield)
rNeg    . . .        b - +0 robe
rPois   .            (helmet restricted)
rElec   .            (no cloak)
rCorr   .            (gloves unavailable)
SInv    +            (boots unavailable)
Will    +....        (no amulet)
Stlth   ++++++++++   c - ring of protection from fire
HPRegen 0.28/turn    h - ring "Veoraty" {rF+ MP+9 Str+4 Stlth+}
MPRegen 0.22/turn

%: no teleportation
@: lethally poisoned (-1 -> -34), wreathed by umbra, very quick
A: very small, no large weapons, unfitting armour, see invisible, speed 3
a: Renounce Religion, Shadow Step


You were in the Dungeon.
You worshipped Dithmenos.
Dithmenos was most pleased with you.
You visited 1 branch You collected 1224 gold pieces.
You spent 1038 gold pieces at shops.

Inventory:

Hand Weapons
 a - a +1 dagger (weapon)
Armour
 b - a +0 robe (worn)
Jewellery
 c - a ring of protection from fire (left hand)
 h - the ring "Veoraty" (right hand) {rF+ MP+9 Str+4 Stlth+}
   (You bought it in a shop in the Dungeon)

   [ring of magical power]

   Str:       It affects your strength (+4).
   rF:        It protects you from fire.
   MP:        It affects your magic capacity (+9).
   Stlth:     It makes you more stealthy.
Scrolls
 e - a scroll of identify {unknown}
 f - a scroll of fear {unknown}
Potions
 g - 2 potions of magic


   Skills:
 - Level 5.0 Fighting
 - Level 10.0 Short Blades
 - Level 5.0 Dodging
 - Level 15.0 Stealth
 - Level 7.0 Spellcasting
 - Level 7.0 Conjurations
 - Level 14.0 Hexes
 + Level 13.2 Transmutations
 + Level 6.0 Earth Magic


You had 3 spell levels left.
You knew the following spells:

 Your Spells              Type           Power      Damage    Failure   Level
a - Ensorcelled Hibernat  Hex/Ice        72%        N/A       1%          2
b - Confusing Touch       Hex            60%        N/A       1%          3
c - Dazzling Flash        Conj/Hex       100%       N/A       1%          3
d - Tukima's Dance        Hex            60%        N/A       1%          3
e - Petrify               Tmut/Erth      47%        N/A       1%          4
f - Irradiate             Conj/Tmut      24%        3d19      3%          5

Your spell library contained the following spells:

 Spells                   Type           Power      Damage    Failure   Level
 Sublimation of Blood     Necr           7%         N/A       13%         2


Dungeon Overview and Level Annotations

Branches:
Dungeon (1/1)

Altars:
Cheibriados
Dithmenos
Elyvilon
Fedhas
Gozag
Hepliaklqana
Kikubaaqudgha
Makhleb
Nemelex Xobeh
Okawaru
Qazlal
Ru
Sif Muna
Trog
Uskayaw
Vehumet
Wu Jian
Xom
Yredelemnul
Zin
The Shining One
Jiyva
Lugonu

Shops:
D [:!==((=:[!*?[[

Annotations:
D exclusions: oklob plant and orange crystal statue


Innate Abilities, Weirdness & Mutations

You are very small and have problems with some larger weapons.
You are too small for most types of armour.
You have supernaturally acute eyesight. (SInv)
You cover ground extremely quickly. (Speed+++)


Message History

You are engulfed in noxious fumes.
You choke on the stench!
You are confused.
You feel sick.
You're too confused to move!
You are engulfed in noxious fumes.
You feel sick.
You are no longer poisoned.
Unknown command.
You hit the swamp drake.
The swamp drake is lightly wounded.
You feel less confused. The swamp drake misses you.
Unknown command.
Unknown command.
Casting: Ensorcelled Hibernation (safe; 1% risk of failure)
Confirm with . or Enter, or press ? or * to list all spells.
Aiming: Ensorcelled Hibernation (safe; 1% risk of failure)
Press: ? - help, Shift-Dir - straight line, f - you, p - swamp drake
Okay, then.
Casting: Ensorcelled Hibernation (safe; 1% risk of failure)
Confirm with . or Enter, or press ? or * to list all spells.
Your hands begin to glow red.
You hit the death drake but do no damage.
You hit the death drake but do no damage.
The death drake misses you.
You hit the death drake but do no damage.
The death drake breathes miasma at you. The foul vapour misses you.
You hit the death drake but do no damage.
The death drake appears confused.
You are engulfed in dark miasma.
You are lethally poisoned!
* * * LOW HITPOINT WARNING * * *
x2 You feel very sick.
The swamp drake is engulfed in dark miasma.
The swamp drake is poisoned.
The swamp drake seems to slow down.
Unknown command.
You hit the death drake.
The death drake is lightly wounded.
You are engulfed in dark miasma.
You are more poisoned.
* * * LOW HITPOINT WARNING * * *
You die...

++ #....# ... +....# .
##.. ####.# k#
.##.####..'.##.#
..#....#..#..k####
.####..#####.○##○# [:?
###.##..#..'.☼#○○#▓?$$!!
##...#..#..#.○#○○#▓$[($)?
.'.#.'..####°☼##@#▓$((?([
##.).#....###.○k##▓▓▓▓▓▓▓
###.##......~~○○°~~~~~~~~
.####~~.....~#+########+#
#.#~~~~~~~§.~#....._..#§§
###§~~~~§§~.~#...._._.#§~
##~§~≈≈§§§~~§#..._._._#§~
~~~§~~≈§§≈~~~#.._._._.#~~
''§#~≈≈§§≈≈§§#._._._._#§§


You could see a death drake (confused, catching breath).

Vanquished Creatures
  A great orb of eyes (D)
  A death drake (D)
  3 manticores (D)
  A merfolk siren (D)
  A yaktaur (D)
  3 polar bears (D)
  A hornet (D)
  A blink frog (D)
  4 neqoxecs (D)
  Menkaure (D)
  A water moccasin (D)
  A swamp drake (D)
  4 necrophages (D)
  3 worms (D)
26 creatures vanquished.

Vanquished Creatures (others)
  A water moccasin (D)
1 creature vanquished.

Grand Total: 27 creatures vanquished

Notes
Turn   | Place    | Note
-------+----------+-------------------------------------------
     0 | D        | Groucho the Spriggan Enchanter began the quest for the Orb.
     0 | D        | Reached XP level 1. HP: 9/9 MP: 5/5
     3 | D        | Noticed a necrophage
     3 | D        | Noticed a necrophage
     3 | D        | Noticed a necrophage
     3 | D        | Noticed a necrophage
    10 | D        | Killed a necrophage
    11 | D        | Reached skill level 6 in Stealth
    11 | D        | Reached skill level 5 in Hexes
    11 | D        | Reached XP level 2. HP: 2/15 MP: 6/8
    11 | D        | Reached XP level 3. HP: 3/18 MP: 6/9
    12 | D        | Killed a necrophage
    13 | D        | Reached skill level 5 in Dodging
    13 | D        | Reached skill level 8 in Stealth
    13 | D        | Reached skill level 5 in Spellcasting
    13 | D        | Reached XP level 4. HP: 4/24 MP: 7/12
    15 | D        | Killed a necrophage
    16 | D        | Reached skill level 5 in Short Blades
    16 | D        | Reached skill level 10 in Stealth
    16 | D        | Reached XP level 5. HP: 5/29 MP: 7/13
    62 | D        | Reached skill level 5 in Fighting
    62 | D        | Reached skill level 12 in Stealth
    73 | D        | Noticed a merfolk siren
    76 | D        | Killed a merfolk siren
    77 | D        | Reached skill level 15 in Stealth
    77 | D        | Reached skill level 10 in Hexes
    77 | D        | Reached XP level 6. HP: 20/35 MP: 14/14
    77 | D        | Reached XP level 7. HP: 23/39 MP: 15/15
    98 | D        | Noticed a neqoxec
    98 | D        | Noticed a neqoxec
    98 | D        | Noticed a neqoxec
    98 | D        | Noticed a neqoxec
   100 | D        | Killed a neqoxec
   102 | D        | Killed a neqoxec
   104 | D        | Killed a neqoxec
   107 | D        | Killed a neqoxec
   108 | D        | Reached XP level 8. HP: 31/43 MP: 16/16
   117 | D        | Learned a level 2 spell: Ensorcelled Hibernation
   121 | D        | Learned a level 3 spell: Confusing Touch
   125 | D        | Learned a level 3 spell: Dazzling Flash
   129 | D        | Learned a level 3 spell: Tukima's Dance
   129 | D        | Found Rypowara's Magic Scroll Emporium.
   129 | D        | Found Kenlorr's Armour Emporium.
   129 | D        | Found Wusse Zee's Armour Shoppe.
   129 | D        | Found Mitinik's Antique Armour Shoppe.
   129 | D        | Found Oghuicraceu's Book Emporium.
   129 | D        | Found Wusigiry's Assorted Antiques.
   129 | D        | Found Sawkali's Jewellery Shoppe.
   130 | D        | Found Vanimm's Antique Weapon Shoppe.
   130 | D        | Found Veoth's Distillery.
   130 | D        | Found Zithra's Weapon Emporium.
   130 | D        | Found Kak Tof's Jewellery Shoppe.
   130 | D        | Noticed a shining eye
   137 | D        | Found Cemiazil's Jewellery Shoppe.
   137 | D        | Found Ricomeng's Distillery.
   137 | D        | Noticed a shining eye
   137 | D        | Noticed a shining eye
   137 | D        | Noticed an oklob plant
   138 | D        | Found Kuokhlak's Antique Armour Shoppe.
   138 | D        | Found Yseobbav's Book Shoppe.
   157 | D        | Noticed a death yak
   189 | D        | Bought a book of Alchemy for 336 gold pieces
   194 | D        | Learned a level 4 spell: Petrify
   202 | D        | Bought a ring of protection from fire for 250 gold pieces
   227 | D        | Noticed Menkaure
   237 | D        | Killed Menkaure
   238 | D        | Reached skill level 1 in Transmutations
   239 | D        | Found a blossoming altar of Fedhas.
   240 | D        | Found a white marble altar of Elyvilon.
   241 | D        | Found a shadowy altar of Dithmenos.
   241 | D        | Found a corrupted altar of Lugonu.
   241 | D        | Found an opulent altar of Gozag.
   241 | D        | Found a burning altar of Makhleb.
   242 | D        | Found a snail-covered altar of Cheibriados.
   242 | D        | Found an ancient bone altar of Kikubaaqudgha.
   242 | D        | Found a bloodstained altar of Trog.
   243 | D        | Found a viscous altar of Jiyva.
   243 | D        | Found a shimmering blue altar of Sif Muna.
   244 | D        | Found a hazy altar of Hepliaklqana.
   244 | D        | Found a sacrificial altar of Ru.
   245 | D        | Found a shimmering altar of Xom.
   246 | D        | Found a stormy altar of Qazlal.
   246 | D        | Found an ornate altar of the Wu Jian Council.
   246 | D        | Found a sparkling altar of Nemelex Xobeh.
   246 | D        | Found a hide-covered altar of Uskayaw.
   246 | D        | Found a basalt altar of Yredelemnul.
   246 | D        | Found a glowing golden altar of the Shining One.
   247 | D        | Found a radiant altar of Vehumet.
   247 | D        | Found an iron altar of Okawaru.
   247 | D        | Found a glowing silver altar of Zin.
   250 | D        | Became a worshipper of Dithmenos the Shadowed
   259 | D        | Noticed a manticore
   260 | D        | Noticed a manticore
   260 | D        | Noticed a manticore
   268 | D        | Killed a manticore
   271 | D        | Killed a manticore
   272 | D        | Reached XP level 9. HP: 39/47 MP: 8/20
   279 | D        | Killed a manticore
   279 | D        | Reached * piety under Dithmenos
   280 | D        | Reached skill level 10 in Short Blades
   608 | D        | Noticed a great orb of eyes
   609 | D        | Killed a great orb of eyes
   610 | D        | Reached skill level 5 in Conjurations
   610 | D        | Reached skill level 10 in Transmutations
   616 | D        | Learned a level 5 spell: Irradiate
   630 | D        | Noticed a yaktaur
   630 | D        | Noticed a polar bear
   631 | D        | Noticed a polar bear
   631 | D        | Noticed a polar bear
   632 | D        | Killed a polar bear
   633 | D        | Reached skill level 1 in Earth Magic
   633 | D        | Killed a polar bear
   633 | D        | Reached ** piety under Dithmenos
   636 | D        | Killed a polar bear
   638 | D        | Killed a yaktaur
   639 | D        | Reached XP level 10. HP: 51/51 MP: 21/21
   684 | D        | Reached *** piety under Dithmenos
   705 | D        | Bought the ring "Veoraty" {rF+ MP+9 Str+4 Stlth+} for 452
                  | gold pieces
   733 | D        | Noticed an orange crystal statue
   757 | D        | Noticed a death drake
   759 | D        | Noticed a crystal guardian
   786 | D        | Noticed a death drake
   797 | D        | Killed a death drake
  1299 | D        | HP: 2/51 [poisoned by something (dark miasma)]
  1322 | D        | HP: 2/51 [death drake] (6)]
  1322 | D        | Succumbed to a death drake's dark miasma

Illustrated notes

Levels and vault maps discovered:
D:        the_violet_keep_of_menkaure [sprint2_stairs_cluster_1,
          sprint2_shoproom, sprint2_temple, sprint2_basic_supplies,
          sprint2_obstacle_7, sprint2_obstacle_3, sprint2_obstacle_4,
          sprint2_obstacle_2, sprint2_obstacle_5, sprint2_timed_cluster_1,
          sprint2_smallroom_cluster_1, sprint2_smallroom_final_cluster_1,
          sprint2_transparent_cluster_1, sprint2_second_timed_cluster_1,
          sprint2_sniper_area_1, sprint2_heavy_combat_area_1,
          sprint2_mutation_trap_area_1, sprint2_forest_area_1,
          sprint2_light_combat_area_1, sprint2_behind_water_1,
          sprint2_near_end_vault_1]

Skill      XL: |  1  2  3  4  5  6  7  8  9 10 |
---------------+-------------------------------+-----
Fighting       | 2 3 4 5 |  5.0
Short Blades   | 3 4 5 6 9 10 | 10.0
Dodging        | 4 5 |  5.0
Stealth        | 6 8 10 15 | 15.0
Spellcasting   | 4 5 7 |  7.0
Hexes          | 5 10 14 | 14.0
Transmutations | 6 11 13 | 13.2
Conjurations   | 3 6 7 |  7.0
Earth Magic    | 4 6 |  6.0

Action                     |  1- 3 |  4- 6 |  7- 9 | 10-12 || total
---------------------------+-------+-------+-------+-------++-------
  Melee: Dagger            |     6 |     5 |    22 |    12 ||    45
         Punch             |     1 |       |       |       ||     1
   Cast: Ensorcelled Hiber |       |       |     5 |     5 ||    10
         Dazzling Flash    |       |       |     2 |       ||     2
         Confusing Touch   |       |       |     1 |     1 ||     2
         Petrify           |       |       |       |     2 ||     2
    Use: Potion            |     3 |     1 |     1 |     1 ||     6
         Scroll            |       |       |     1 |       ||     1
   Stab: Invisible         |     2 |     1 |     2 |       ||     5
         Sleeping          |     1 |     2 |    16 |     3 ||    22
         Confused          |       |       |     1 |       ||     1
 Armour: Robe              |     1 |       |     1 |       ||     2
  Dodge: Dodged            |     4 |     1 |     5 |     3 ||    13
